 Dungeon Crawl Stone Soup version 0.31-a0-180-g519b7de00c (webtiles) character file.

Game seed: 916094158008328668

2996 qw the Cleaver (level 9, -1/57 HPs)
             Began as a Gargoyle Fighter on June 20, 2023.
             Slain by an orc warrior
             ... wielding a +0 trident
              (9 damage)
             ... on level 7 of the Dungeon.
             The game lasted 00:03:33 (6398 turns).

qw the Cleaver (Gargoyle Fighter)                   Turns: 6398, Time: 00:03:33

Health: -1/57      AC: 18    Str: 25    XL:     9   Next: 83%
Magic:  9/9        EV:  8    Int: 11    God:
Gold:   162        SH:  3    Dex:  4    Spells: 8/8 levels left

rFire   . . .        Y - +0 broad axe (elec)
rCold   . . .        c - +0 buckler
rNeg    + + +        n - +0 chain mail of Brilliance {Fly rN+ Int+3 Dex-5}
rPois   inf          i - +0 helmet
rElec   +            (no cloak)
rCorr   .            l - +0 pair of gloves
SInv    .            (no boots)
Will    .....        (no amulet) Stlth
                     e - ring of positive energy
HPRegen 0.29/turn    (no ring)
MPRegen 0.11/turn

%: no passive effects
@: about to teleport, flying
A: sickness immunity, AC +6, negative energy resistance 1, electricity
resistance, torment resistance 1, petrification resistance
a: no special abilities


You were on level 7 of the Dungeon.
You visited 1 branch of the dungeon, and saw 7 of its levels.
You also visited: Ossuary.

You collected 338 gold pieces.
You spent 176 gold pieces at shops.


Innate Abilities, Weirdness & Mutations

You are immune to sickness and miasma.
Your stone body is resilient. (AC +6)
You are immune to poison.
You resist negative energy. (rN+)
You are resistant to electric shocks. (rElec)
You are resistant to unholy torment.
You are immune to petrification.


   Skills:
 - Level 7.2 Fighting
 + Level 9.7 Axes
 - Level 3.3 Throwing
 - Level 5.1 Armour
 - Level 1.0 Dodging
 - Level 4.0 Shields


You had 8 spell levels left.
You didn't know any spells.
Your spell library was empty.

Inventory:

Hand Weapons
 p - a +2 morningstar
 Y - a +0 broad axe of electrocution (weapon)
Missiles
 k - a silver javelin
 s - 7 boomerangs
 t - a silver boomerang (quivered)
 w - 2 javelins
Armour
 a - a +0 chain mail
 c - a +0 buckler (worn)
 i - a +0 helmet (worn)
 l - a +0 pair of gloves (worn)
 n - the +0 chain mail of Brilliance (worn) {Fly rN+ Int+3 Dex-5}
   (You bought it in a shop on level 5 of the Dungeon)

   Int:       It affects your intelligence (+3).
   Dex:       It affects your dexterity (-5).
   rN:        It protects you from negative energy.
   Fly:       It grants you flight.
Jewellery
 e - a ring of positive energy (left hand)
 f - a ring of fire
Scrolls
 b - a scroll of identify
 g - a scroll of noise {unknown}
 m - 3 scrolls of teleportation
Potions
 d - 5 potions of might
 h - 3 potions of haste
 j - a potion of magic
 o - a potion of enlightenment
 q - a potion of lignification
 v - 3 potions of curing
 x - a potion of mutation {unknown}
 z - a potion of attraction {unknown}
 A - a potion of degeneration {unknown}

Dungeon Overview and Level Annotations

Branches:
Dungeon (7/15)            Ossuary (visited)
 Temple: D:4-7

Altars:
Hepliaklqana
Kikubaaqudgha
Trog
The Shining One

Shops:
D:2 (   D:3 =   D:5 [

Annotations:
D:5 1 runed translucent door, Crazy Yiuf


Message History

The sky beast barely misses you.
The ogre hits you with a +0 giant spiked club!
The orc barely misses you. The orc warrior closely misses you.
The sky beast hits you but does no damage.
The orc wizard points at you and mumbles some strange words.
You easily resist.
You hit the orc wizard.
You kill the orc wizard!
You miss the sky beast. x2; You slash the ogre!
The sky beast flickers out of sight!
Deactivating autopickup; reactivate with Ctrl-A.
Something hits you but does no damage. The sky beast closely misses you.
The orc barely misses you.
The orc warrior hits you from afar with a +0 trident.
The ogre hits you but does no damage. Something hits you. Something shocks you.
You resist. The orc warrior closely misses you. The orc barely misses you.
The sky beast hits you but does no damage.
The orc hits you from afar with a +0 trident of protection.
6396 ||| READING 4 scrolls of teleportation.
As you read the scroll of teleportation, it crumbles to dust.
You feel strangely unstable. Something hits you but does no damage.
The orc barely misses you.
The ogre hits you with a +0 giant spiked club.
The orc warrior closely misses you. You block the orc's attack.
The sky beast closely misses you.
You barely miss the sky beast.
The sky beast is severely wounded.
You closely miss the orc. You closely miss something.
You closely miss the ogre. Something hits you but does no damage.
The orc closely misses you.
The orc warrior hits you from afar with a +0 trident.
The orc barely misses you. You block the sky beast's attack.
You slice the sky beast!!
You kill the sky beast!
You slash the ogre! Lightning courses through the ogre!
You kill the ogre!
You slash the orc! Lightning courses through the orc!
You kill the orc!
You miss something.
The orc warrior hits you from afar with a +0 trident!
You die...

.......# #.###.########
.......# #..### .......#
##...######## .......#
###........# .......#
###[...#.# .......#
#...##.# .......# #.### #
.......# #####.##
######## #o.@...#
########.......)){..#
..............o.Yo......
..<......................
.........................
...........###...#...####
.......... #...#...#
.>......## #.#.###..
........#


You could see an orc warrior, an ice beast and 2 orcs.

Vanquished Creatures
  A hornet (D:5)
  Menkaure (D:6)
  A water moccasin (D:6)
  A sky beast (D:7)
  An ice beast (D:5)
  A black bear (D:5)
  6 ogres
  A phantom (D:5)
  2 kobold brigands (D:3)
  A gnoll sergeant (D:6)
  A scorpion (D:5)
  8 wights
  4 killer bees (D:7)
  A howler monkey (D:5)
  3 jellies
  5 orc priests
  A sleepcap (D:6)
  2 hounds (D:7)
  Ijyb (D:5)
  Terence (D:3)
  5 orc wizards
  3 iguanas
  12 mummies (Ossuary)
  3 gnolls (D:6)
  7 adders
  2 white imps
  An ufetubus (D:4)
  A worm (D:3)
  6 dart slugs
  31 orcs
  3 bats
  5 endoplasms
  3 giant cockroaches
  12 goblins
  9 hobgoblins
  6 jackals
  2 quokkas
  8 ball pythons
  6 frilled lizards
  4 gnoll skeletons (Ossuary)
  A goblin skeleton (Ossuary)
  12 kobolds
  2 kobold skeletons (Ossuary)
  An orc skeleton (Ossuary)
  10 rats
  11 rat skeletons (Ossuary)
209 creatures vanquished.

Notes
Turn   | Place    | Note
-------+----------+-------------------------------------------
     0 | D:1      | qw the Gargoyle Fighter began the quest for the Orb.
     0 | D:1      | Reached XP level 1. HP: 14/14 MP: 1/1
     0 | D:1      | 0 ||| qw: Version: 0.3-a-9-g12657ce
     0 | D:1      | 0 ||| qw: Game counter: 1181
     0 | D:1      | 0 ||| qw: Always use a shield: true
     0 | D:1      | 0 ||| qw: God list: Okawaru
     0 | D:1      | 0 ||| qw: Allow faded altars: false
     0 | D:1      | 0 ||| qw: Do Orc after D:15 true
     0 | D:1      | 0 ||| qw: Do second Lair branch before Depths: true
     0 | D:1      | 0 ||| qw: Lair rune preference: random
     0 | D:1      | 0 ||| qw: Plans: Normal, Zot:1-4, Slime:5, God:TSO, Crypt,
                  | Tomb, Abyss, Pan, Hells, Win
     0 | D:1      | 0 ||| PLANNING D:1-11
    12 | D:1      | 12 ||| Stepping ~*~*~tactically~*~*~ (stealth).
    14 | D:1      | 14 ||| FLEEEEING.
    21 | D:1      | 21 ||| FLEEEEING.
    23 | D:1      | 23 ||| FLEEEEING.
    29 | D:1      | Reached skill level 2 in Axes
   114 | D:1      | Reached XP level 2. HP: 19/19 MP: 2/2
   479 | D:1      | 479 ||| Stepping ~*~*~tactically~*~*~ (stealth).
   571 | D:1      | 571 ||| Stepping ~*~*~tactically~*~*~ (hiding).
   572 | D:1      | 572 ||| Stepping ~*~*~tactically~*~*~ (hiding).
   573 | D:1      | 573 ||| Stepping ~*~*~tactically~*~*~ (hiding).
   576 | D:1      | Reached skill level 3 in Axes
   765 | D:1      | 765 ||| READING 2 scrolls labelled SUJASM FEAJOI.
   766 | D:1      | 766 ||| READING scroll labelled ZOUH VOENIK.
   867 | D:1      | 867 ||| DROPPING scroll of fog.
   894 | D:2      | Found a faded altar of an unknown god.
   903 | D:2      | Reached XP level 3. HP: 23/23 MP: 3/3
  1040 | D:2      | 1040 ||| Stepping ~*~*~tactically~*~*~ (stealth).
  1041 | D:2      | 1041 ||| Stepping ~*~*~tactically~*~*~ (stealth).
  1045 | D:2      | 1045 ||| Stepping ~*~*~tactically~*~*~ (stealth).
  1065 | D:2      | 1065 ||| Stepping ~*~*~tactically~*~*~ (hiding).
  1074 | D:2      | Reached skill level 4 in Axes
  1074 | D:2      | Reached XP level 4. HP: 25/28 MP: 4/4
  1091 | D:2      | 1091 ||| DROPPING +0 club.
  1099 | D:2      | Found Xuwnynox's Weapon Emporium.
  1160 | D:2      | 1160 ||| Stepping ~*~*~tactically~*~*~ (stealth).
  1265 | D:2      | 1265 ||| Stepping ~*~*~tactically~*~*~ (hiding).
  1461 | D:2      | Reached XP level 5. HP: 32/32 MP: 5/5
  1642 | D:2      | 1642 ||| UPGRADING to +0 helmet.
  1647 | D:2      | 1647 ||| UPGRADING to ring of positive energy.
  1648 | D:2      | 1648 ||| READING scroll labelled SOELER CEAMAOF.
  1649 | D:2      | 1649 ||| READING scroll labelled ZUKILIKUYLL.
  1669 | D:2      | 1669 ||| READING scroll labelled JURAOD BEZITTY.
  1687 | D:3      | 1687 ||| STAIRDANCE
  1726 | D:3      | 1726 ||| Stepping ~*~*~tactically~*~*~ (stealth).
  1756 | D:3      | Reached skill level 5 in Axes
  2082 | D:3      | Found Ubau's Jewellery Shop.
  2086 | D:3      | 2086 ||| SHOPLISTING +4 ring of protection (468 gold, have
                  | 108).
  2086 | D:3      | 2086 ||| SHOPLISTING +6 ring of dexterity (468 gold, have
                  | 108).
  2086 | D:3      | 2086 ||| SHOPLISTING ring "Meubbanu" {Int+2 Dex+6} (613
                  | gold, have 108).
  2086 | D:3      | 2086 ||| SHOPLISTING ring of protection from fire (325
                  | gold, have 108).
  2086 | D:3      | 2086 ||| SHOPLISTING ring of resist corrosion (260 gold,
                  | have 108).
  2187 | D:3      | 2187 ||| Stepping ~*~*~tactically~*~*~ (stealth).
  2189 | D:3      | Noticed a kobold brigand
  2190 | D:3      | Noticed a kobold brigand
  2199 | D:3      | Killed a kobold brigand
  2200 | D:3      | Reached XP level 6. HP: 33/37 MP: 6/6
  2521 | D:3      | Noticed Terence
  2533 | D:3      | Killed Terence
  2642 | D:3      | Reached skill level 1 in Dodging
  2898 | D:3      | 2898 ||| UPGRADING to +0 chain mail.
  2908 | D:3      | 2908 ||| DROPPING +0 scale mail.
  2909 | D:3      | 2909 ||| UPGRADING to +0 pair of gloves.
  2914 | D:3      | 2914 ||| READING scroll labelled TOTHROCE KOEFACUI.
  2915 | D:3      | 2915 ||| READING scroll labelled CIQOTHRO PIRREA.
  3350 | D:4      | 3350 ||| Stepping ~*~*~tactically~*~*~ (stealth).
  3453 | D:4      | 3453 ||| Stepping ~*~*~tactically~*~*~ (hiding).
  3464 | D:4      | Reached XP level 7. HP: 31/43 MP: 7/7
  3476 | D:4      | HP: 10/43 [orc priest/+0 club (3)]
  3478 | D:4      | 3478 ||| DRINKING potion of heal wounds.
  3562 | D:4      | 3562 ||| Stepping ~*~*~tactically~*~*~ (stealth).
  3563 | D:4      | 3563 ||| Stepping ~*~*~tactically~*~*~ (stealth).
  3564 | D:4      | 3564 ||| Stepping ~*~*~tactically~*~*~ (stealth).
  3603 | D:4      | 3603 ||| READING 3 scrolls labelled NAYFIRUAMIST.
  3607 | D:4      | 3607 ||| DRINKING 4 grey potions.
  3625 | D:5      | Entered Level 5 of the Dungeon
  3626 | D:5      | 3626 ||| PLANNING OSSUARY
  3648 | D:5      | Reached skill level 6 in Axes
  3664 | D:5      | HP: 10/43 [scorpion (3)]
  3665 | D:5      | 3665 ||| READING 3 scrolls of teleportation.
  3666 | D:5      | 3666 ||| DRINKING potion of heal wounds.
  3697 | D:5      | 3697 ||| FLEEEEING.
  3698 | D:5      | 3698 ||| FLEEEEING.
  3699 | D:5      | 3699 ||| FLEEEEING.
  3708 | D:5      | Reached skill level 7 in Axes
  3711 | D:5      | 3711 ||| FLEEEEING.
  3712 | D:5      | 3712 ||| FLEEEEING.
  3713 | D:5      | 3713 ||| FLEEEEING.
  3714 | D:5      | 3714 ||| FLEEEEING.
  3716 | D:5      | 3716 ||| FLEEEEING.
  3717 | D:5      | 3717 ||| FLEEEEING.
  3718 | D:5      | 3718 ||| FLEEEEING.
  3719 | D:5      | 3719 ||| FLEEEEING.
  3720 | D:5      | 3720 ||| STAIRDANCE
  3820 | D:5      | Reached XP level 8. HP: 23/48 MP: 8/8
  3909 | D:5      | Found Hideem's Armour Emporium.
  3924 | D:5      | 3924 ||| BUYING +0 chain mail of Brilliance {Fly rN+ Int+3
                  | Dex-5} (176 gold).
  3924 | D:5      | Bought the +0 chain mail of Brilliance {Fly rN+ Int+3
                  | Dex-5} for 176 gold pieces
  4155 | D:5      | Found a sand-covered staircase.
  4156 | D:5      | 4156 ||| UPGRADING to +0 chain mail of Brilliance {Fly rN+
                  | Int+3 Dex-5}.
  4166 | D:5      | 4166 ||| READING scroll labelled AKIYNOGIPE.
  4167 | D:5      | 4167 ||| READING 2 scrolls of identify.
  4167 | D:5      | 4167 ||| IDENTIFYING blue potion
  4172 | Ossuary  | Entered an ossuary
  4319 | Ossuary  | 4319 ||| Stepping ~*~*~tactically~*~*~ (stealth).
  4546 | Ossuary  | 4546 ||| READING scroll labelled MAEPEJ FAPHEDILU.
  4546 | Ossuary  | Identified a scroll of acquirement
  4546 | Ossuary  | 4546 ||| ACQUIRING +0 broad axe of flaming
  4546 | Ossuary  | Acquired a +0 broad axe of flaming
  4548 | Ossuary  | 4548 ||| SWAPPING to +0 broad axe of flaming.
  4549 | Ossuary  | 4549 ||| DROPPING +0 flail of draining.
  4550 | Ossuary  | 4550 ||| DROPPING +0 flail.
  4551 | Ossuary  | 4551 ||| DROPPING +0 war axe.
  4552 | Ossuary  | 4552 ||| READING scroll labelled MOYFOA DEKAISA.
  4553 | Ossuary  | 4553 ||| DRINKING 2 green potions.
  4554 | Ossuary  | 4554 ||| DRINKING 2 inky potions.
  4555 | Ossuary  | 4555 ||| DRINKING 4 puce potions.
  4556 | Ossuary  | 4556 ||| DROPPING potion of invisibility.
  4596 | D:5      | 4596 ||| PLANNING D:1-11
  4636 | D:5      | Reached skill level 8 in Axes
  4919 | D:5      | Noticed a hornet
  4926 | D:5      | Killed a hornet
  4927 | D:5      | Reached skill level 6 in Fighting
  5220 | D:5      | Noticed Ijyb
  5238 | D:5      | Killed Ijyb
  5289 | D:5      | Found a runed translucent door.
  5290 | D:5      | Noticed Crazy Yiuf
  5293 | D:5      | 5293 ||| READING scroll labelled USOUM BEOFIZY.
  5349 | D:5      | 5349 ||| DRINKING 2 viscous black potions.
  5350 | D:5      | 5350 ||| READING 2 scrolls of identify.
  5350 | D:5      | 5350 ||| IDENTIFYING viscous blue potion
  5351 | D:5      | 5351 ||| DROPPING potion of brilliance.
  5391 | D:6      | 5391 ||| Stepping ~*~*~tactically~*~*~ (hiding).
  5392 | D:6      | 5392 ||| Stepping ~*~*~tactically~*~*~ (hiding).
  5413 | D:6      | Reached XP level 9. HP: 41/56 MP: 9/9
  5478 | D:6      | 5478 ||| DROPPING +5 flail of freezing.
  5479 | D:6      | 5479 ||| DROPPING +0 flail.
  5531 | D:6      | Reached skill level 9 in Axes
  5651 | D:6      | Noticed Menkaure
  5661 | D:6      | Killed Menkaure
  5667 | D:6      | Reached skill level 3 in Throwing
  5669 | D:6      | 5669 ||| Stepping ~*~*~tactically~*~*~ (stealth).
  5694 | D:6      | 5694 ||| FLEEEEING.
  5710 | D:6      | 5710 ||| Stepping ~*~*~tactically~*~*~ (stealth).
  5727 | D:6      | Found a bloodstained altar of Trog.
  5757 | D:6      | Found a glowing golden altar of the Shining One.
  5889 | D:6      | Found an ancient bone altar of Kikubaaqudgha.
  5955 | D:6      | Found a hazy altar of Hepliaklqana.
  6224 | D:7      | 6224 ||| Stepping ~*~*~tactically~*~*~ (stealth).
  6386 | D:7      | 6386 ||| DRINKING 4 potions of curing.
  6386 | D:7      | 6386 ||| (to cure confusion)
  6395 | D:7      | HP: 12/57 [something (4)]
  6396 | D:7      | 6396 ||| READING 4 scrolls of teleportation.
  6398 | D:7      | Slain by an orc warrior

Levels and vault maps discovered:
D:1:      psy_arrival_whirlpool, layout_rooms
D:2:      layout_basic, ebering_ecumenical_altar_sacrificial, serial_shops,
          nicolae_shop_just_a_little_nook, grunt_ministairs_3
D:3:      cheibrodos_thug_alley, layout_loops_corners, serial_shops, shop,
          serial_rivers, chequers_serial_rivers_micro_a,
          chequers_serial_rivers_micro_c, chequers_serial_rivers_large_a,
          chequers_serial_rivers_large_b, minmay_door_square, uniq_terence
D:4:      layout_basic
D:5:      layout_loops_ring, serial_shops, shop, enter_ossuary_2,
          hangedman_decor_points, minmay_ogre_servants, uniq_ijyb,
          uniq_crazy_yiuf_cottage
D:6:      layout_cave_pools, lemuel_coloured_pillars_altar,
          kiku_gazebo_pond_becter, mainiacjoe_overflow_catch_the_wave,
          uniq_menkaure
D:7:      layout_basic, lemuel_tele_altar, minmay_temple_entry_drinking_statues,
          hangedman_abyss_or_decor_stabs, uniq_maggie

Skill      XL: |  1  2  3  4  5  6  7  8  9 |
---------------+----------------------------+-----
Axes           | 2 3 4 5 7 8 9 |  9.7
Throwing       | 2 3 |  3.3
Fighting       | 4 6 7 |  7.2
Dodging        | 1 |  1.0
Armour         | 4 5 |  5.1
Shields        | 4 |  4.0

Action                     |  1- 3 |  4- 6 |  7- 9 || total
---------------------------+-------+-------+-------++-------
  Melee: War axe           |    94 |   132 |   153 ||   379
         Broad axe         |       |       |   131 ||   131
  Throw: Javelin           |       |    31 |    54 ||    85
         Boomerang         |       |       |    22 ||    22
    Use: Scroll            |     2 |     5 |     9 ||    16
         Potion            |       |       |     8 ||     8
 Armour: Scale mail        |    72 |    52 |       ||   124
         Chain mail        |       |    19 |   186 ||   205
  Dodge: Dodged            |    59 |    49 |   126 ||   234
  Block: Buckler           |    21 |    15 |    49 ||    85

Table legend:
 A = Non-vault XP
 B = Vault XP
 C = Vault XP percentage of total XP
 D = Non-vault monster count
 E = Vault monster count
 F = Vault count percentage of total count
                 A         B        C        D         E       F
            +---------+---------+-------+---------+---------+-------
      Total |    3709 |     827 |  18.2 |     152 |      57 |  27.3
            +---------+---------+-------+---------+---------+-------
        D:1 |      32 |       0 |   0.0 |      21 |       0 |   0.0
        D:2 |     138 |       2 |   1.4 |      26 |       2 |   7.1
        D:3 |     128 |     244 |  65.6 |      16 |      13 |  44.8
        D:4 |     176 |       0 |   0.0 |      22 |       0 |   0.0
        D:5 |    1069 |     175 |  14.1 |      23 |      10 |  30.3
        D:6 |    1208 |     169 |  12.3 |      28 |       1 |   3.4
        D:7 |     958 |       0 |   0.0 |      16 |       0 |   0.0
    Ossuary |       0 |     237 | 100.0 |       0 |      31 | 100.0
            +---------+---------+-------+---------+---------+-------
